Map: Central Protocol

Players

Solar - Winner!

  • Race: Zerg Zerg
  • League: Master

FanTaSy

  • Race: Terran Terran
  • League: Master

Event: Team Gravity's Tournament of Champions #5

VOD

https://www.youtube.com/watch?v=Vi75khZD4VQ

Description

Time

  • Played on: Nov. 15, 2015, 8:01 p.m.
  • Length: 5:38

All games in this series

Show
View Real Time Build Order
Export as new Build Order

Solar Zerg - Winner!

Build Orders: Hatch First, Ravager All-In 

Get SALT Encoding   

  12  0:00  Drone  
  13  0:12  Overlord  
  13  0:16  Drone  
  14  0:30  Drone x2  
  14  0:34  Drone  
  17  0:54  Hatchery  
  17  0:56  Drone  
  18  0:57  Drone  
  18  1:07  Drone  
  18  1:08  Extractor  
  18  1:16  Spawning Pool  
  17  1:19  Drone  
  18  1:28  Drone  
  19  1:39  Overlord  
  19  2:02  Queen, Zergling x4  
  19  2:05  Queen  
  19  2:06  Drone  
  19  2:08  Metabolic Boost  
  26  2:11  Zergling x2  
  27  2:19  Drone  
  28  2:26  Drone  
  29  2:36  Drone  
  30  2:43  Overlord  
  29  2:44  Drone  
  29  2:45  Drone  
  29  2:50  Extractor  
  29  2:51  Drone  
  31  2:55  Drone  
  31  2:58  Roach Warren  
  31  3:00  Drone  
  31  3:05  Overlord  
  32  3:12  Overlord  
  32  3:18  Zergling x2  
  33  3:24  Zergling x2  
  33  3:25  Zergling x4  
  36  3:37  Roach  
  36  3:38  Roach x3  
  44  3:46  Roach x4  
  44  3:47  Overlord  
  52  3:54  Zergling x4  
  54  3:56  Zergling x2  
  54  4:02  Zergling x2  
  56  4:08  Zergling x4  
  58  4:16  Ravager x3  
  61  4:17  Overlord  
  61  4:19  Ravager  
  61  4:20  Zergling x2  
  61  4:21  Zergling x4  
  65  4:25  Zergling x2  
  66  4:33  Ravager  
  67  4:41  Zergling x10  
  66  5:01  Zergling x14  
  62  5:09  Drone x2  
  54  5:16  Drone x2  
Show
View Real Time Build Order
Export as new Build Order

FanTaSy Terran 

Build Orders: Reaper Expand 

Get SALT Encoding   

  12  0:00  SCV  
  13  0:12  SCV  
  14  0:17  Supply Depot  
  14  0:24  SCV  
  15  0:38  SCV  
  15  0:42  Barracks  
  16  0:46  Refinery  
  16  0:51  SCV  
  17  1:03  SCV  
  18  1:15  SCV  
  19  1:29  Orbital Command  
  19  1:30  Reaper  
  20  1:42  Command Center  
  20  1:55  SCV  
  20  1:59  Supply Depot  
  21  2:03  Barracks Reactor  
  21  2:08  SCV  
  22  2:20  SCV  
  23  2:24  Factory  
  23  2:32  SCV  
  24  2:39  Marine x2  
  27  2:44  SCV  
  27  2:54  Refinery  
  27  2:55  Orbital Command  
  27  2:56  SCV  
  27  2:57  Marine x2  
  30  3:08  SCV  
  31  3:13  Starport  
  31  3:21  Hellion x2  
  31  3:22  SCV  
  31  3:24  Marine  
  31  3:25  Supply Depot  
  31  3:26  SCV  
  38  3:34  SCV  
  38  3:38  SCV  
  40  3:42  Hellion  
  40  3:43  Supply Depot, Hellion  
  40  3:46  SCV  
  45  3:49  Marine, Medivac  
  45  3:50  SCV  
  45  3:54  Armory  
  49  3:58  SCV  
  50  4:03  Liberator  
  50  4:05  Hellion x2  
  50  4:06  SCV  
  50  4:09  Supply Depot  
  55  4:10  SCV  
  55  4:15  Bunker  
  56  4:19  SCV  
  56  4:22  SCV  
  61  4:25  Barracks Tech Lab  
  61  4:27  Marine  
  61  4:31  Hellion  
  66  4:34  Hellion  
  66  4:35  SCV  
  66  4:36  SCV  
  57  4:46  Marine  
  57  4:49  SCV  
  57  4:55  Hellbat  
  57  4:56  SCV  
  52  5:01  SCV  
  44  5:07  Marine  

Tags
 
Add a new tag
Caveats
  • Supply blocks, unpowered buildings, or Contaminate may cause inaccurate times.
  • Supply counts are checked every 10 seconds.